 Dungeon Crawl Stone Soup version 0.21-a0-496-g696f58f (webtiles) character file.

2050 Laiders the Grappler (level 9, -13/83 HPs)
             Began as a Troll Monk on Nov 24, 2017.
             Mangled by an ogre
             ... wielding a +0 giant club
              (23 damage)
             ... on level 7 of the Dungeon.
             The game lasted 00:11:17 (4709 turns).

Laiders the Grappler (Troll Monk)                   Turns: 4709, Time: 00:11:18

Health: -13/83     AC:  7    Str: 22    XL:     9   Next: 4%
Magic:  8/8        EV: 11    Int:  8    God:
Gold:   304        SH:  0    Dex: 12    Spells: 8/8 levels left

rFire    . . .     SeeInvis .     - Unarmed
rCold    . . .     Gourm    +   (no shield)
rNeg     . . .     Faith    .   a - +2 robe
rPois    .         Spirit   .   (helmet restricted)
rElec    .         Reflect  .   (no cloak)
rCorr    .         Harm     .   (gloves unavailable)
MR       .....                  (boots unavailable)
Stlth    ++........             (no amulet)
HPRegen  0.63/turn              t - +4 ring of slaying
MPRegen  0.11/turn              (no ring)

@: no status effects
A: large, unfitting armour, claws 3, fast metabolism 3, gourmand, regeneration
1, shaggy fur 1, tough skin 2
a: no special abilities


You were on level 7 of the Dungeon.
You were very full.

You visited 1 branch of the dungeon, and saw 7 of its levels.

You collected 304 gold pieces.

Inventory:

Hand Weapons
 F - the +3 giant club "Skullcrusher" {speed, Str+7}
   (You found it on level 6 of the Dungeon)

   Attacks with this weapon are significantly faster.
   It affects your strength (+7).
Armour
 a - a +2 robe (worn)
Jewellery
 o - an uncursed amulet of faith
 t - a +4 ring of slaying (left claw)
 D - an uncursed ring of ice {unknown}
Scrolls
 l - 2 scrolls of teleportation
 n - a scroll of noise {unknown}
 s - 3 scrolls of fear
 u - a scroll of enchant weapon {unknown}
 v - a scroll of magic mapping
 y - a scroll of identify
 A - a scroll of enchant armour
Potions
 c - 4 potions of heal wounds
 d - 2 potions of agility
 e - 5 potions of flight
 f - 2 potions of invisibility
 g - 2 potions of might {unknown}
 h - a potion of lignification {unknown}
 j - a potion of ambrosia {unknown}
 k - 5 potions of curing
 m - 2 potions of degeneration {unknown}
 q - 2 potions of haste {unknown}
 w - a potion of cancellation {unknown}
Books
 p - a book of Cantrips

   Spells                             Type                      Level
   a - Confusing Touch                Hexes                        1
   b - Animate Skeleton               Necromancy                   1
   c - Summon Small Mammal            Summoning                    1
   d - Apportation                    Translocation                1
 B - a book of Maledictions

   Spells                             Type                      Level
   a - Corona                         Hexes                        1
   b - Ensorcelled Hibernation        Hexes/Ice                    2
   c - Confuse                        Hexes                        3
   d - Tukima's Dance                 Hexes                        3
   e - Dazzling Spray                 Conjuration/Hexes            3
 E - a book of Callings

   Spells                             Type                      Level
   a - Summon Small Mammal            Summoning                    1
   b - Call Imp                       Summoning                    2
   c - Call Canine Familiar           Summoning                    3
   d - Summon Guardian Golem          Hexes/Summoning              3
   e - Summon Lightning Spire         Summoning/Air                4
   f - Summon Ice Beast               Ice/Summoning                4
Comestibles
 b - 4 bread rations
 i - 10 chunks of flesh
 r - a fruit
 x - 2 meat rations
 z - 4 royal jellies


   Skills:
 + Level 3.6 Fighting
 + Level 1.5 Maces & Flails
 + Level 3.6 Dodging
 - Level 1.0 Stealth
 - Level 11.0 Unarmed Combat


You had 8 spell levels left.
You didn't know any spells.

Dungeon Overview and Level Annotations

Branches:
Dungeon (7/15)             Temple (0/1) D:6

Altars:
Dithmenos
Makhleb
Nemelex Xobeh
Okawaru
Qazlal
Zin

Shops:
D:3 *   D:6 }

Annotations:
D:7 Menkaure


Innate Abilities, Weirdness & Mutations

You are too large for most types of armour.
You have claws for hands.
Your metabolism is lightning-fast.
You like to eat raw meat.
Your natural rate of healing is unusually fast.
You are covered in fur. (AC +1)
You have very tough skin. (AC +2)


Message History

You closely miss the orc. The orc hits you but does no damage.
You mangle the orc!!
You kill the orc!
You claw the orc!
You kill the orc!
Menkaure calls on the powers of darkness!
Your body is wracked with pain!
An ogre comes into view. It is wielding a giant club.
Found a stone staircase leading up.
Items here: )) †† a short sword; a hand axe; an orc corpse x2
Menkaure calls on the powers of darkness!
Your body is wracked with pain!
* * * LOW HITPOINT WARNING * * *
The ogre convulses!
Menkaure gestures at you while chanting.
Pain shoots through your body!
* * * LOW HITPOINT WARNING * * *
You barely miss Menkaure. The ogre hits you with a giant club!!
You die...

....#.....
###.........
<#........ #
#.....#.##.#
#...........
#...........
#....O......
#...@M..#
#.......#
##.)#...#
#..#...#
#..#.#.#
#..#.#..#
#..#.# .#
#..#.# .#
#..#


You could see an ogre and Menkaure.

Vanquished Creatures
  A hippogriff (D:7)
  Edmund (D:5)
  2 sky beasts
  2 ogres (D:4)
  A black bear (D:6)
  A necrophage (D:6)
  2 centaurs
  A bullfrog (D:6)
  3 crimson imps
  A quasit (D:6)
  An orc priest (D:5)
  4 hounds
  A centaur skeleton (D:4)
  2 jellies
  A bullfrog skeleton (D:5)
  5 orc wizards
  An iguana (D:4)
  5 worker ants
  A hound skeleton (D:6)
  A worker ant zombie (D:5)
  7 adders
  3 shadow imps
  An ooze (D:1)
  4 worms
  2 dart slugs
  4 leopard geckos
  35 orcs
  A ball python (D:2)
  4 giant cockroaches
  8 goblins
  6 hobgoblins
  13 jackals
  2 quokkas
  8 bats
  3 frilled lizards
  A jackal skeleton (D:4)
  6 kobolds (D:1)
  A quokka skeleton (D:4)
  4 rats
150 creatures vanquished.

Notes
Turn   | Place    | Note
-------+----------+-------------------------------------------
     0 | D:1      | Laiders the Troll Monk began the quest for the Orb.
     0 | D:1      | Reached XP level 1. HP: 22/22 MP: 0/0
   176 | D:1      | Reached XP level 2. HP: 29/29 MP: 1/1
   240 | D:1      | Reached skill level 4 in Unarmed Combat
   453 | D:1      | Reached XP level 3. HP: 36/36 MP: 2/2
   672 | D:2      | Found a shadowy altar of Dithmenos.
   682 | D:2      | Found a stormy altar of Qazlal.
  1205 | D:3      | Reached skill level 5 in Unarmed Combat
  1205 | D:3      | Reached XP level 4. HP: 30/44 MP: 3/3
  1860 | D:3      | Found Zin's Purification Station.
  1864 | D:3      | Reached XP level 5. HP: 50/50 MP: 4/4
  1873 | D:3      | Found a glowing silver altar of Zin.
  2225 | D:4      | Reached skill level 6 in Unarmed Combat
  2441 | D:4      | Reached XP level 6. HP: 57/59 MP: 5/5
  2464 | D:4      | Reached skill level 7 in Unarmed Combat
  2662 | D:4      | Reached skill level 8 in Unarmed Combat
  2662 | D:4      | Reached XP level 7. HP: 46/66 MP: 6/6
  2724 | D:4      | Found an iron altar of Okawaru.
  2892 | D:5      | Entered Level 5 of the Dungeon
  2999 | D:5      | Reached skill level 9 in Unarmed Combat
  3129 | D:5      | Noticed Edmund
  3135 | D:5      | Killed Edmund
  3135 | D:5      | Reached XP level 8. HP: 67/74 MP: 7/7
  3203 | D:5      | Reached skill level 10 in Unarmed Combat
  3267 | D:5      | Found a sparkling altar of Nemelex Xobeh.
  3285 | D:5      | Got a crystal quarterstaff {crush}
  3367 | D:5      | Identified the cursed +1 quarterstaff of Muefext {crush, rC+ Str+4 Int+4 Dex-3} (You took it off an orc on level 5 of the Dungeon)
  3925 | D:6      | Found a burning altar of Makhleb.
  4017 | D:6      | Reached skill level 11 in Unarmed Combat
  4095 | D:6      | Found Rohuvaox's Gadget Emporium.
  4356 | D:6      | Found a staircase to the Ecumenical Temple.
  4537 | D:6      | Found the +3 giant club "Skullcrusher" {speed, Str+7}
  4692 | D:7      | Noticed a hippogriff
  4697 | D:7      | Killed a hippogriff
  4697 | D:7      | Reached skill level 1 in Maces & Flails
  4697 | D:7      | Reached XP level 9. HP: 70/83 MP: 8/8
  4699 | D:7      | Noticed Menkaure
  4709 | D:7      | Mangled by an ogre

Vault maps used:
D:1:      grunt_arrival_crossed_arrows
D:2:      grunt_dithmenos_smoke, grunt_qazlal_clouds, first_bread
D:3:      zin_purify, dk_noncrumbling_4
D:4:      okawaru_metal_pillars_3
D:5:      nemelex_xobeh_ov_fountains_minmay, uniq_edmund
D:6:      minmay_temple_entry_from_below_b, serial_shops, shop,
          makhleb_blood_cavern_becter
D:7:      uniq_crazy_yiuf_cottage, uniq_menkaure

Skill      XL: |  1  2  3  4  5  6  7  8 |
---------------+-------------------------+-----
Unarmed Combat | 4 5 6 8 9 11 | 11.0
Fighting       | 3 |  3.6
Dodging        | 3 |  3.6
Maces & Flails | 1 |  1.5
Stealth        | |  1.0

Action                   |  1- 3 |  4- 6 |  7- 9 || total
-------------------------+-------+-------+-------++-------
Melee: Unarmed           |   109 |   103 |   171 ||   383
       Punch             |     1 |     5 |     7 ||    13
       Quarterstaff      |       |       |     7 ||     7
  Use: Scroll            |     1 |     2 |    11 ||    14
 Stab: Sleeping          |     1 |     1 |       ||     2
  Eat: Chunk             |    16 |    14 |    18 ||    48
Armor: Robe              |    52 |    34 |    63 ||   149
Dodge: Dodged            |    84 |    63 |    95 ||   242

Table legend:
 A = Spawn XP
 B = Non-spawn XP
 C = Spawn XP percentage of total XP
 D = Spawn monster count
 E = Non-spawn monster count
 F = Spawn count percentage of total count
 G = Total turns spent on level
                    A         B        C        D         E        F      G
               +---------+---------+-------+---------+---------+-------+---------
         Total |       0 |    2929 |   0.0 |       0 |     150 |   0.0 |  4709
               +---------+---------+-------+---------+---------+-------+---------
           D:1 |       0 |      43 |   0.0 |       0 |      22 |   0.0 |   672
           D:2 |       0 |      38 |   0.0 |       0 |      12 |   0.0 |   516
           D:3 |       0 |     125 |   0.0 |       0 |      23 |   0.0 |  1001
           D:4 |       0 |     624 |   0.0 |       0 |      27 |   0.0 |   703
           D:5 |       0 |     893 |   0.0 |       0 |      31 |   0.0 |   735
           D:6 |       0 |     766 |   0.0 |       0 |      27 |   0.0 |   981
           D:7 |       0 |     440 |   0.0 |       0 |       8 |   0.0 |   101
               +---------+---------+-------+---------+---------+-------+---------
